 Dungeon Crawl Stone Soup version 0.25-a0-317-g5f8687bca5 (webtiles) character file.

Game seed: 6735338038477635727, levelgen mode: deterministic

62 DerDa the Firebug (level 4, -1/27 HPs)
             Began as an Octopode Fire Elementalist on Dec 27, 2019.
             Slain by a worm (11 damage)
             ... on level 2 of the Dungeon.
             The game lasted 00:05:37 (1401 turns).

DerDa the Firebug (Octopode Fire Elementalist)      Turns: 1401, Time: 00:05:37

Health: -1/27      AC:  1    Str:  7    XL:     4   Next: 8%
Magic:  5/8        EV: 13    Int: 18    God:
Gold:   76         SH:  0    Dex: 12    Spells: 8/9 levels left

rFire    . . .     SeeInvis .   k - +0 falchion
rCold    . . .     Gourm    .   (no shield)
rNeg     . . .     Faith    .   (helmet restricted)
rPois    .         Spirit   .   (no amulet)
rElec    .         Reflect  .   (no ring)
rCorr    .         Harm     .   (no ring)
MR       .....                  (no ring)
Stlth    +++.......             (no ring)
HPRegen  0.09/turn              (no ring)
MPRegen  0.11/turn              (no ring)
                                (no ring)
                                (no ring)

@: very slightly contaminated
A: almost no armour, stealthy swim, amphibious, 8 rings, constrict 8, camouflage
1, gelatinous body 1
a: no special abilities


You were on level 2 of the Dungeon.
You were not hungry.

You visited 1 branch of the dungeon, and saw 2 of its levels.

You collected 76 gold pieces.

Inventory:

Hand Weapons
 e - a +0 short sword
 k - a +0 falchion (weapon)
Missiles
 f - 8 javelins (quivered)
Jewellery
 i - a +2 amulet of reflection {unknown}
Scrolls
 c - a scroll of fog {unknown}
Potions
 a - 2 potions of brilliance {unknown}
 d - a potion of mutation {unknown}
 g - a potion of flight {unknown}
 j - a potion of heal wounds {unknown}
 l - a potion of agility {unknown}
Comestibles
 b - 2 rations
 h - 5 chunks of flesh


   Skills:
 - Level 2.0 Dodging
 - Level 2.6 Stealth
 * Level 3.1 Spellcasting
 + Level 2.0 Conjurations
 + Level 3.4 Fire Magic


You had 8 spell levels left.
You knew the following spells:

 Your Spells              Type           Power        Failure   Level  Hunger
a - Foxfire               Conj/Fire      ##..         5%          1    None

Your spell library contained the following spells:

 Spells                   Type           Power        Failure   Level  Hunger
 Conjure Flame            Conj/Fire      ##......     16%         3    ###....
 Inner Flame              Hex/Fire       #.......     24%         3    ###....
 Sticky Flame             Conj/Fire      ##......     45%         4    ####...
 Fireball                 Conj/Fire      ##........   82%         5    ######.


Dungeon Overview and Level Annotations

Branches:
Dungeon (2/15)

Altars:
Nemelex Xobeh


Innate Abilities, Weirdness & Mutations

You cannot wear most types of armour.
You are very stealthy in the water. (Stealth+)
You are amphibious.
You can wear up to eight rings at the same time.
You can use your tentacles to constrict eight enemies at once.
Your skin changes colour to match your surroundings (Stealth+).
Your rubbery body absorbs attacks. (AC +1, EV +1)


Message History

Confirm with . or Enter, or press ? or * to list all spells.
You conjure some foxfire!
You constrict the worm. The goblin closely misses you. The worm misses you.
You hit the worm.
The worm is heavily wounded.
You constrict the worm.
The foxfire hits the goblin.
You kill the goblin!
The foxfire hits the worm.
The worm is almost dead.
Casting: Foxfire (safe; 5% risk of failure)
Confirm with . or Enter, or press ? or * to list all spells.
You miscast Foxfire.
You are very lightly contaminated with residual magic.
You hear a sizzling sound.
You constrict the worm. The worm misses you.
Unknown command.
Casting: Foxfire (safe; 5% risk of failure)
Confirm with . or Enter, or press ? or * to list all spells.
You conjure some foxfire!
You constrict the worm. The worm bites you!
You die...

#.# #........# #.#
#.#
#.###.....##.###)#
#.#
#...#########...##
#.#
###.........##.##
#.# ######.#..##.#
#.#
#!?####.##.#######.#
#?...#..#..........#
##v)###.##.######...
#..@v.#.##.# #÷##
#.#w#.'.##.# #.# #
########.######.##
#..#.........
###.##.÷...##
#.##.##....
#.##.##..#.
#.##)...###
#.##.#...


You could see a worm.

Vanquished Creatures
  2 adders (D:2)
  A worm (D:2)
  A dart slug (D:1)
  2 leopard geckos
  3 giant cockroaches
  5 goblins
  4 hobgoblins
  A jackal (D:2)
  6 kobolds
  A quokka (D:2)
  3 bats
  3 frilled lizards
  2 rats
34 creatures vanquished.

Vanquished Creatures (others)
  72 foxfires
72 creatures vanquished.

Grand Total: 106 creatures vanquished

Notes
Turn   | Place    | Note
-------+----------+-------------------------------------------
     0 | D:1      | DerDa the Octopode Fire Elementalist began the quest for
                  | the Orb.
     0 | D:1      | Reached XP level 1. HP: 11/11 MP: 3/3
    67 | D:1      | Found a sparkling altar of Nemelex Xobeh.
   209 | D:1      | Reached XP level 2. HP: 17/17 MP: 3/5
   938 | D:2      | Reached XP level 3. HP: 21/21 MP: 4/6
  1342 | D:2      | Reached XP level 4. HP: 22/27 MP: 4/8
  1401 | D:2      | Slain by a worm

Levels and vault maps discovered:
D:1:      minmay_arrival_solitary_statue, layout_basic,
          nemelex_xobeh_ov_fountains_minmay
D:2:      minmay_wonky_spiral, layout_loops_ring, vehumet_crystals

Skill      XL: |  1  2  3 |
---------------+----------+-----
Spellcasting   | 3 |  3.1
Conjurations   | 2 |  2.0
Dodging        | |  2.0
Stealth        | |  2.6
Fire Magic     | |  3.4

Action                   |  1- 3 |  4- 6 || total
-------------------------+-------+-------++-------
Melee: Unarmed           |     7 |       ||     7
       Constrict         |     6 |     2 ||     8
       Short sword       |     3 |       ||     3
       Falchion          |     5 |     8 ||    13
 Cast: Foxfire           |    44 |     2 ||    46
 Stab: Sleeping          |     2 |     1 ||     3
  Eat: Chunk             |     1 |     1 ||     2
Armor: Skin              |     4 |     2 ||     6
Dodge: Dodged            |    16 |     9 ||    25
       Rpst.: Falchion   |       |     1 ||     1

Table legend:
 A = Non-vault XP
 B = Vault XP
 C = Vault XP percentage of total XP
 D = Non-vault monster count
 E = Vault monster count
 F = Vault count percentage of total count
                 A         B        C        D         E       F
            +---------+---------+-------+---------+---------+-------
      Total |      85 |       4 |   4.5 |      32 |       2 |   5.9
            +---------+---------+-------+---------+---------+-------
        D:1 |      32 |       0 |   0.0 |      17 |       0 |   0.0
        D:2 |      53 |       4 |   7.0 |      15 |       2 |  11.8
            +---------+---------+-------+---------+---------+-------
